cohdb
Replays
Latest Replays
All Replays
Popular Replays
Top Player Replays
Match Explorer
How It Works
Community
CoH3 Stats
Reddit
Sign in to upload your games and track your stats! →
Sign in with Steam
Match 36489274
Unlisted
Match 36489274
Overview
Messages
Build Orders
End
Kradschützen Motorcycle Team
Panzergrenadier Squad
Panzergrenadier Squad
Construct Light Support Kompanie
Construct Mechanized Kompanie
Support Armor Elements
Veteran Squad Leaders
Rapid Advance
StuG III D Assault Gun
Emergency Repair Kits
Construct Panzerarmee Kommand
Tungsten Core Ammunition
2.5-tonne Medical Truck
Armored Reserves
Panzergrenadier Squad
Advanced Field Repairs
Panzer IV Assault Group
JMT
matrix4x4
『KAIROCK』
Lost
GEST1120
GenAa
wirbelwind
HHHCARL92
0
0
Comments
sign in to comment!
No comments posted yet!